 Dungeon Crawl Stone Soup version 0.22.1-2-g9c5b331383 (webtiles) character file.

117 Jerry the Chopper (level 5, 0/45 HPs)
             Began as a Ghoul Gladiator on Nov 24, 2018.
             Was an Initiate of Okawaru.
             Slain by an orc priest
             ... wielding a +0 mace
              (3 damage)
             ... on level 3 of the Dungeon.
             The game lasted 00:06:25 (2574 turns).

Jerry the Chopper (Ghoul Gladiator)                 Turns: 2574, Time: 00:06:25

Health: 0/45       AC:  7    Str: 19    XL:     5   Next: 1%
Magic:  4/4        EV: 12    Int:  3    God:    Okawaru [......]
Gold:   164        SH:  0    Dex: 10    Spells: 4/4 levels left

rFire    . . .     SeeInvis .   q - +0 hand axe
rCold    + + .     Gourm    .   (no shield)
rNeg     + + +     Faith    .   i - +1 leather armour {rC+}
rPois    ∞         Spirit   .   c - +0 helmet
rElec    .         Reflect  .   (no cloak)
rCorr    .         Harm     .   s - +1 pair of gloves
MR       .....                  (no boots)
Stlth    +.........             (no amulet)
HPRegen  0.00/turn              j - ring of flight
MPRegen  0.09/turn              (no ring)

@: rotting
A: rotting body, claws 1, carnivore, cold resistance 1, negative energy
resistance 3, inhibited regeneration, torment resistance, unbreathing
a: Renounce Religion, Evoke Flight


You were on level 3 of the Dungeon.
You worshipped Okawaru.
Okawaru was noncommittal.
You were not hungry.

You visited 1 branch of the dungeon, and saw 3 of its levels.

You collected 164 gold pieces.

Inventory:

Hand Weapons
 a - a +0 war axe
 q - a +0 hand axe (weapon)
Missiles
 d - 3 throwing nets (quivered)
Armour
 c - a +0 helmet (worn)
 i - a +1 leather armour of cold resistance (worn)
 s - a +1 pair of gloves (worn)
Jewellery
 j - a ring of flight (left hand)
Scrolls
 g - 7 scrolls of identify
 h - a scroll of random uselessness {unknown}
 o - a scroll of fear {unknown}
 t - 4 scrolls of teleportation
 u - a scroll of noise {unknown}
Potions
 b - a potion of flight {unknown}
 e - 2 potions of agility {unknown}
 k - 3 potions of curing {unknown}
 l - 5 potions of lignification {unknown}
 m - a potion of resistance {unknown}
 n - a potion of heal wounds {unknown}
 p - a potion of degeneration {unknown}
 v - a potion of mutation {unknown}
Comestibles
 f - 3 rations
 r - a chunk of flesh


   Skills:
 + Level 3.0 Fighting
 * Level 3.7 Axes
 + Level 2.5 Throwing
 + Level 1.4 Armour
 - Level 2.6 Dodging
 + Level 1.1 Invocations


You had 4 spell levels left.
You didn't know any spells.
Your spell library was empty.

Dungeon Overview and Level Annotations

Branches:
Dungeon (3/15)

Altars:
Ashenzari
Cheibriados
Okawaru
Uskayaw


Innate Abilities, Weirdness & Mutations

Your body is rotting away.
You thrive on raw meat.
You are immune to poison.
You have sharp fingernails.
You are carnivorous and can eat meat at any time.
Your flesh is cold resistant. (rC+)
You are immune to negative energy. (rN+++)
You do not regenerate when monsters are visible.
You are immune to unholy pain and torment.
You can survive without breathing.


Message History

The orc is almost dead.
The orc closely misses you.
You hit the orc but do no damage.
The orc is almost dead.
The orc hits you.
You hit the orc.
You kill the orc!
Okawaru accepts your kill.
You hit the orc priest but do no damage.
The orc priest is lightly wounded.
The orc priest looks braver for a moment.
You hit the orc priest but do no damage.
The orc priest is lightly wounded.
The orc priest calls down the wrath of Beogh upon you.
Beogh smites you!
* * * LOW HITPOINT WARNING * * *
You barely miss the orc priest.
The orc priest is lightly wounded.
The orc priest hits you with a mace.
You die...

#...)########.......
#.##.##.............
#.##.##.............
#.##.##...........).
#.##.##.............
####.##.............
#.#############..
####.# #.. #.o@.#
#..
#.##################
#.)o#...............
###.#.##############
.#.##### #.....###
#.......########
#....._)........
##.......#####..


You could see an orc priest.

Vanquished Creatures
  A shadow imp (D:2)
  An ooze (D:1)
  4 worms
  2 dart slugs (D:2)
  5 leopard geckos
  8 orcs (D:3)
  3 giant cockroaches
  11 goblins
  11 hobgoblins
  2 quokkas (D:2)
  7 bats
  9 frilled lizards
  5 kobolds
  A rat (D:1)
70 creatures vanquished.

Notes
Turn   | Place    | Note
-------+----------+-------------------------------------------
     0 | D:1      | Jerry the Ghoul Gladiator began the quest for the Orb.
     0 | D:1      | Reached XP level 1. HP: 17/17 MP: 0/0
   115 | D:1      | Reached XP level 2. HP: 21/25 MP: 1/1
   272 | D:1      | Reached XP level 3. HP: 18/30 MP: 2/2
   585 | D:2      | Reached skill level 1 in Armour
   604 | D:2      | Found an iron altar of Okawaru.
   618 | D:2      | Became a worshipper of Warmaster Okawaru
   629 | D:2      | Found a shattered altar of Ashenzari.
   663 | D:2      | Found a hide-covered altar of Uskayaw.
  1006 | D:2      | Reached XP level 4. HP: 18/37 MP: 3/3
  1614 | D:2      | Found a faded altar of an unknown god.
  2155 | D:3      | Reached skill level 1 in Invocations
  2468 | D:3      | Found a snail-covered altar of Cheibriados.
  2565 | D:3      | Reached XP level 5. HP: 21/45 MP: 4/4
  2574 | D:3      | Slain by an orc priest

Skill      XL: |  1  2  3  4 |
---------------+-------------+-----
Axes           | 3 |  3.7
Throwing       | 2 |  2.5
Armour         | 1 |  1.4
Invocations    | 1 |  1.1
Fighting       | 3 |  3.0
Dodging        | |  2.6

Action                   |  1- 3 |  4- 6 || total
-------------------------+-------+-------++-------
Melee: War axe           |    67 |       ||    67
       Hand axe          |    53 |   160 ||   213
  Use: Scroll            |     3 |       ||     3
  Eat: Chunk             |    13 |    18 ||    31
Armor: Leather armour    |    34 |    47 ||    81
Dodge: Dodged            |    68 |    83 ||   151
